ORI
ARIZONA STATE UNIVERSITY SUN DEVILS @ UNIVERSITY OF MAINE BLACK BEARS
07/31/2046
 
TOP OF THE 1ST
Arizona State University Sun Devils batting - Pitching for University of Maine Black Bears : RHP Steve Graziano
Pitching: RHP Steve Graziano
Batting: LHB Bill Land 0-0: Called Strike
0-1: Ball
1-1: Ball
2-1: Called Strike
2-2: Foul Ball, location: 2F
2-2: Strikes out swinging
Batting: RHB Steven Lawrence 0-0: Ball
1-0: Foul Ball, location: 2F
1-1: Called Strike
1-2: Strikes out looking
Batting: LHB Zach Grafton 0-0: Ball
1-0: Called Strike
1-1: Foul Ball, location: 2F
1-2: Ball
2-2: Foul Ball, location: 2F
2-2: Ground out 4-3 (Groundball, 4, EV 107.5 MPH)
Top of the 1st over - 0 runs, 0 hits, 0 errors, 0 left on base; Arizona State University 0 - University of Maine 0
BOTTOM OF THE 1ST
University of Maine Black Bears batting - Pitching for Arizona State University Sun Devils : LHP Josh Sennett
Pitching: LHP Josh Sennett
Batting: RHB Rhett Collyer 0-0: Fly out, F8 (Flyball, 8LS, EV 81.2 MPH)
Batting: RHB Mario Romero 0-0: Foul Ball, location: 2F
0-1: Fly out, F5 (Popup, 25F, EV 88.8 MPH)
Batting: RHB Jorge Robles 0-0: Called Strike
0-1: Ball
1-1: Ball
2-1: Foul Ball, location: 2F
2-2: Ball
3-2: Ground out 6-3 (Groundball, 6S, EV 73.1 MPH)
Bottom of the 1st over - 0 runs, 0 hits, 0 errors, 0 left on base; Arizona State University 0 - University of Maine 0
TOP OF THE 2ND
Arizona State University Sun Devils batting - Pitching for University of Maine Black Bears : RHP Steve Graziano
Batting: LHB Mat Bencivengo 0-0: SOLO HOME RUN (Flyball, 9D, EV 95.6 MPH), Distance : 372 ft
Batting: RHB Rob Deckert 0-0: Called Strike
0-1: Ball
1-1: Called Strike
1-2: Ball
2-2: Ball
3-2: Fly out, F8 (Flyball, 89D, EV 105.0 MPH)
Batting: LHB Rick Gagner 0-0: Ball
1-0: Foul Ball, location: 2F
1-1: Fly out, F7 (Line Drive, 7D, EV 98.8 MPH)
Batting: RHB Joe Hill 0-0: Called Strike
0-1: Called Strike
0-2: Strikes out swinging
Top of the 2nd over - 1 run, 1 hit, 0 errors, 0 left on base; Arizona State University 1 - University of Maine 0
BOTTOM OF THE 2ND
University of Maine Black Bears batting - Pitching for Arizona State University Sun Devils : LHP Josh Sennett
Batting: RHB Randy Hopper 0-0: Foul Ball, location: 2F
0-1: Foul Ball, location: 2F
0-2: Ball
1-2: Ball
2-2: Ball
3-2: Foul Ball, location: 2F
3-2: SOLO HOME RUN (Flyball, 89XD, EV 109.4 MPH), Distance : 419 ft
Batting: SHB Zachery Shearen 0-0: Called Strike
0-1: Foul Ball, location: 2F
0-2: Ball
1-2: Ball
2-2: Ball
3-2: Foul Ball, location: 2F
3-2: Base on Balls
Batting: RHB Matthew Vinson 0-0: Ball
1-0: Ball
2-0: Swinging Strike
2-1: Foul Ball, location: 2F
2-2: Foul Ball, location: 2F
2-2: Grounds into double play, 4-6-3 (Groundball, 13, EV 78.1 MPH)
Batting: RHB Brent Fournier 0-0: Ball
1-0: Called Strike
1-1: Swinging Strike
1-2: Foul Ball, location: 2F
1-2: Foul Ball, location: 2F
1-2: Strikes out looking
Bottom of the 2nd over - 1 run, 1 hit, 0 errors, 0 left on base; Arizona State University 1 - University of Maine 1
TOP OF THE 3RD
Arizona State University Sun Devils batting - Pitching for University of Maine Black Bears : RHP Steve Graziano
Batting: LHB Robby Mesa 0-0: Ball
1-0: Called Strike
1-1: Called Strike
1-2: Foul Ball, location: 2F
1-2: Strikes out looking
Batting: SHB Yan-hao Chuang 0-0: Ball
1-0: Ball
2-0: Ball
3-0: Called Strike
3-1: Ground out 4-3 (Groundball, 4, EV 105.0 MPH)
Batting: LHB Bill Land 0-0: Ball
1-0: Ground out 5-3 (Groundball, 5, EV 110.6 MPH)
Top of the 3rd over - 0 runs, 0 hits, 0 errors, 0 left on base; Arizona State University 1 - University of Maine 1
BOTTOM OF THE 3RD
University of Maine Black Bears batting - Pitching for Arizona State University Sun Devils : LHP Josh Sennett
Batting: LHB Steve Beaulieu 0-0: Called Strike
0-1: Ball
1-1: Ball
2-1: Ball
3-1: Called Strike
3-2: Strikes out swinging
Batting: RHB Bill Bethea 0-0: Ball
1-0: Called Strike
1-1: Called Strike
1-2: Strikes out swinging
Batting: RHB Rhett Collyer 0-0: Ball
1-0: Fly out, F6 (Popup, 5D, EV 57.5 MPH)
Bottom of the 3rd over - 0 runs, 0 hits, 0 errors, 0 left on base; Arizona State University 1 - University of Maine 1
TOP OF THE 4TH
Arizona State University Sun Devils batting - Pitching for University of Maine Black Bears : RHP Steve Graziano
Batting: RHB Steven Lawrence 0-0: Ball
1-0: Ball
2-0: Ball
3-0: Called Strike
3-1: Ground out 5-3 (Groundball, 56, EV 110.0 MPH)
Batting: LHB Zach Grafton 0-0: Ball
1-0: Swinging Strike
1-1: Ground out 1-3 (Groundball, 13S, EV 71.2 MPH)
Batting: LHB Mat Bencivengo 0-0: Fly out, F9 (Flyball, 9S, EV 81.9 MPH)
Top of the 4th over - 0 runs, 0 hits, 0 errors, 0 left on base; Arizona State University 1 - University of Maine 1
BOTTOM OF THE 4TH
University of Maine Black Bears batting - Pitching for Arizona State University Sun Devils : LHP Josh Sennett
Batting: RHB Mario Romero 0-0: Ball
1-0: SINGLE (Flyball, 56D, EV 94.4 MPH)
Batting: RHB Jorge Robles 0-0: Ball
1-0: Called Strike
1-1: Foul Ball, location: 2F
1-2: Foul Ball, location: 2F
1-2: Ball
2-2: Ball
3-2: Fielders Choice at 2nd, 2-4 (Groundball, 15S, EV 63.8 MPH)
Batting: RHB Randy Hopper 0-0: Called Strike
0-1: Ball
1-1: Foul Ball, location: 2F
1-2: Ball
2-2: Grounds into double play, 5-4-3 (Groundball, 56, EV 78.1 MPH)
Bottom of the 4th over - 0 runs, 1 hit, 0 errors, 0 left on base; Arizona State University 1 - University of Maine 1
TOP OF THE 5TH
Arizona State University Sun Devils batting - Pitching for University of Maine Black Bears : RHP Steve Graziano
Now at 2B: Karst van der Veer
Now at SS: Brent Fournier
Batting: RHB Rob Deckert 0-0: Ball
1-0: Ball
2-0: Ball
3-0: Base on Balls
Batting: LHB Rick Gagner 0-0: Ball
1-0: Foul Ball, location: 2F
1-1: Foul Ball, location: 2F
1-2: 2-RUN HOME RUN (Flyball, 9D, EV 95.6 MPH), Distance : 380 ft
Batting: RHB Joe Hill 0-0: Foul Ball, location: 2F
0-1: Foul Ball, location: 2F
0-2: Ball
1-2: Ball
2-2: Ball
3-2: Fly out, F8 (Flyball, 8LD, EV 91.9 MPH)
Batting: LHB Robby Mesa 0-0: Swinging Strike
0-1: Foul Ball, location: 2F
0-2: Foul Ball, location: 2F
0-2: Ball
1-2: Ball
2-2: Foul Ball, location: 2F
2-2: Foul Ball, location: 2F
2-2: Fly out, F8 (Flyball, 8RD, EV 94.4 MPH)
Batting: SHB Yan-hao Chuang 0-0: Ball
1-0: Ground out 4-3 (Groundball, 4, EV 90.6 MPH)
Top of the 5th over - 2 runs, 1 hit, 0 errors, 0 left on base; Arizona State University 3 - University of Maine 1
BOTTOM OF THE 5TH
University of Maine Black Bears batting - Pitching for Arizona State University Sun Devils : LHP Josh Sennett
Now at 1B: Manny Viera
Batting: SHB Zachery Shearen 0-0: Ball
1-0: Ball
2-0: Called Strike
2-1: Foul Ball, location: 2F
2-2: Ball
3-2: Foul Ball, location: 2F
3-2: Foul Ball, location: 2F
3-2: Ground out 6-3 (Groundball, 6, EV 90.6 MPH)
Batting: RHB Matthew Vinson 0-0: Ball
1-0: Ball
2-0: Ball
3-0: Called Strike
3-1: Called Strike
3-2: Ground out 4-3 (Groundball, 4, EV 83.8 MPH)
Batting: RHB Brent Fournier 0-0: Foul Ball, location: 2F
0-1: Ball
1-1: Fly out, F9 (Flyball, 89M, EV 88.8 MPH)
Bottom of the 5th over - 0 runs, 0 hits, 0 errors, 0 left on base; Arizona State University 3 - University of Maine 1
TOP OF THE 6TH
Arizona State University Sun Devils batting - Pitching for University of Maine Black Bears : RHP Steve Graziano
Pitching: RHP Ramon Mares
Batting: LHB Bill Land 0-0: Ball
1-0: Called Strike
1-1: Swinging Strike
1-2: Foul Ball, location: 2F
1-2: Ball
2-2: Foul Ball, location: 2F
2-2: Strikes out swinging, 2-3 out at first.
Pinch Hitting: LHB Micah Enes 0-0: Foul Ball, location: 2F
0-1: Ball
1-1: Called Strike
1-2: Foul Ball, location: 2F
1-2: Ball
2-2: Reached on error, E5 (Groundball, 56, EV 82.5 MPH)
Batting: RHB Manny Viera 0-0: Ball
1-0: Ball
2-0: SINGLE (Groundball, 56D, EV 108.1 MPH)
Micah Enes to second
Batting: LHB Ray Kuhn 0-0: Foul Ball, location: 2F
0-1: Fielders Choice at 2nd, 6-4 (Groundball, 6M, EV 79.4 MPH)
Micah Enes to third
Pinch Hitting: RHB Nick Latour 0-0: Foul Ball, location: 2F
0-1: Foul Ball, location: 2F
0-2: Foul Ball, location: 2F
0-2: Ball
1-2: Foul Ball, location: 2F
1-2: Ball
2-2: Fly out, F8 (Line Drive, 8RM, EV 95.0 MPH)
Top of the 6th over - 0 runs, 1 hit, 1 error, 2 left on base; Arizona State University 3 - University of Maine 1
BOTTOM OF THE 6TH
University of Maine Black Bears batting - Pitching for Arizona State University Sun Devils : LHP Josh Sennett
Pitching: RHP Allen Stankovic
Now at C: Jose Melendez
Now at 3B: Nick Latour
Now in CF: Micah Enes
Batting: LHB Steve Beaulieu 0-0: Called Strike
0-1: Ball
1-1: Ball
2-1: Ball
3-1: Fly out, F8 (Flyball, 78D, EV 88.1 MPH)
Batting: RHB Bill Bethea 0-0: Called Strike
0-1: Ball
1-1: Swinging Strike
1-2: Strikes out swinging
Batting: RHB Trevor Distel 0-0: SOLO HOME RUN (Line Drive, 89XD, EV 113.1 MPH), Distance : 423 ft
Pinch Hitting: RHB Roberto Marroquin 0-0: Foul Ball, location: 2F
0-1: Swinging Strike
0-2: Ball
1-2: Ball
2-2: Fly out, F9 (Flyball, 89M, EV 78.8 MPH)
Bottom of the 6th over - 1 run, 1 hit, 0 errors, 0 left on base; Arizona State University 3 - University of Maine 2
TOP OF THE 7TH
Arizona State University Sun Devils batting - Pitching for University of Maine Black Bears : RHP Ramon Mares
Pitching: RHP David Lightfoot
Now at C: Jonathan Young
Now at 3B: Roberto Marroquin
Now in LF: Xavier Espinoza
Batting: LHB Rick Gagner 0-0: Swinging Strike
0-1: Called Strike
0-2: Fly out, F8 (Flyball, 8LD, EV 90.0 MPH)
Batting: RHB Jose Melendez 0-0: Ball
1-0: Called Strike
1-1: Foul Ball, location: 2F
1-2: Strikes out swinging
Batting: LHB Robby Mesa 0-0: Called Strike
0-1: Foul Ball, location: 2F
0-2: Ball
1-2: Ball
2-2: Ball
3-2: Foul Ball, location: 2F
3-2: Ground out 1-3 (Groundball, 34S, EV 68.1 MPH)
Top of the 7th over - 0 runs, 0 hits, 0 errors, 0 left on base; Arizona State University 3 - University of Maine 2
BOTTOM OF THE 7TH
University of Maine Black Bears batting - Pitching for Arizona State University Sun Devils : RHP Allen Stankovic
Pitching: RHP Chad Kobus
Batting: SHB Karst van der Veer 0-0: SINGLE (Groundball, 34S, EV 96.2 MPH)
Batting: RHB Randy Hopper 0-0: Ball
1-0: Foul Ball, location: 2F
1-1: Ground out 4-3 (Groundball, 4S, EV 66.9 MPH)
Karst van der Veer to second
Pinch Hitting: SHB Adam Schroeder 0-0: Ball
1-0: Foul Ball, location: 2F
1-1: Ball
2-1: Ball
3-1: Foul Ball, location: 2F
3-2: Base on Balls
Batting: RHB Matthew Vinson 0-0: Ball
1-0: Foul Ball, location: 2F
1-1: Foul Ball, location: 2F
1-2: Ball
2-2: Strikes out swinging
Batting: RHB Brent Fournier 0-0: Ball
1-0: Ball
2-0: Swinging Strike
2-1: Ball
3-1: Foul Ball, location: 2F
3-2: Strikes out swinging
Bottom of the 7th over - 0 runs, 1 hit, 0 errors, 2 left on base; Arizona State University 3 - University of Maine 2
TOP OF THE 8TH
Arizona State University Sun Devils batting - Pitching for University of Maine Black Bears : RHP David Lightfoot
Pitching: RHP Danny Maza
Now at 1B: Adam Schroeder
Batting: SHB Yan-hao Chuang 0-0: Ball
1-0: Called Strike
1-1: Called Strike
1-2: Foul Ball, location: 2F
1-2: Strikes out looking
Batting: LHB Bill Land 0-0: Ball
1-0: Ball
2-0: Called Strike
2-1: Ball
3-1: Foul Ball, location: 2F
3-2: Base on Balls
Batting: LHB Micah Enes 0-0: Foul Ball, location: 2F
0-1: Called Strike
Bill Land is caught stealing 2nd base 2-6
0-2: Ball
1-2: Ground out 6-3 (Groundball, 6, EV 93.1 MPH)
Top of the 8th over - 0 runs, 0 hits, 0 errors, 0 left on base; Arizona State University 3 - University of Maine 2
BOTTOM OF THE 8TH
University of Maine Black Bears batting - Pitching for Arizona State University Sun Devils : RHP Chad Kobus
Pitching: RHP Chris Gebhard
Batting: LHB Jonathan Young 0-0: Called Strike
0-1: Ball
1-1: Ball
2-1: Called Strike
2-2: DOUBLE (Line Drive, 8LXD, EV 101.9 MPH)
Batting: LHB Xavier Espinoza 0-0: Called Strike
0-1: Foul Ball, location: 2F
0-2: Foul Ball, location: 2F
0-2: Foul Ball, location: 2F
0-2: Ball
1-2: Foul Ball, location: 2F
1-2: Strikes out swinging
Batting: RHB Trevor Distel 0-0: Fly out, F8 (Line Drive, 8RM, EV 107.5 MPH)
Batting: RHB Roberto Marroquin 0-0: Ball
1-0: Foul Ball, location: 2F
1-1: Ball
2-1: Foul Ball, location: 2F
2-2: Strikes out swinging
Bottom of the 8th over - 0 runs, 1 hit, 0 errors, 1 left on base; Arizona State University 3 - University of Maine 2
TOP OF THE 9TH
Arizona State University Sun Devils batting - Pitching for University of Maine Black Bears : RHP Danny Maza
Pitching: RHP Micah Eshelman
Batting: RHB Manny Viera 0-0: Ball
1-0: Called Strike
1-1: Foul Ball, location: 2F
1-2: Strikes out swinging
Batting: LHB Ray Kuhn 0-0: Called Strike
0-1: Called Strike
0-2: Strikes out looking
Batting: RHB Nick Latour 0-0: Ball
1-0: Called Strike
1-1: Ball
2-1: Foul Ball, location: 2F
2-2: Foul Ball, location: 2F
2-2: Ball
3-2: Fly out, F4 (Popup, 4, EV 76.2 MPH)
Top of the 9th over - 0 runs, 0 hits, 0 errors, 0 left on base; Arizona State University 3 - University of Maine 2
BOTTOM OF THE 9TH
University of Maine Black Bears batting - Pitching for Arizona State University Sun Devils : RHP Chris Gebhard
Pitching: RHP Shen Dou
Batting: SHB Karst van der Veer 0-0: Ball
1-0: Fly out, F9 (Flyball, 89M, EV 94.4 MPH)
Batting: RHB Randy Hopper 0-0: Ball
1-0: Ball
2-0: Foul Ball, location: 2F
2-1: Foul Ball, location: 2F
2-2: Fly out, F9 (Flyball, 9, EV 96.9 MPH)
Batting: SHB Adam Schroeder 0-0: Ground out 4-3 (Groundball, 4, EV 86.9 MPH)
Bottom of the 9th over - 0 runs, 0 hits, 0 errors, 0 left on base; Arizona State University 3 - University of Maine 2
Tuesday, September 13th , 2022 - OOTP Baseball 23.7 Build 88